[Event "LEM Sachsen-Anhalt Masters 2024"]
[Site "Merseburg"]
[Date "2024.02.10"]
[Round "6.3"]
[White "Groebel, Aaron"]
[Black "Lippert, Daniel"]
[Result "1-0"]
[ECO "B59"]
[WhiteElo "2087"]
[BlackElo "2034"]
[Annotator "NA RC"]
[PlyCount "119"]
[EventDate "2024.02.01"]
[EventType "swiss"]
[EventCountry "GER"]
[SourceTitle "playchess.com"]
[Source "ChessBase"]
[SourceQuality "1"]
[TimeControl "40/5400+30:1800+30"]

1. e4 c5 2. Nf3 Nc6 3. d4 cxd4 4. Nxd4 Nf6 5. Nc3 d6 6. Be2 e5 7. Nb3 Be6 8. Bf3 Be7 9. Bg5 O-O 10. Qd2 a5 11. Rd1 a4 12. Nc1 Nd4 13. N1e2 Nxe2 14. Bxe2 a3 15. b3 Qc7 16. Bd3 d5 17. Bxf6 Bxf6 18. exd5 Bg4 19. Rb1 g6 20. O-O Bf5 21. Bxf5 gxf5 22. Ne2 f4 23. c4 Kh8 24. d6 Qc6 25. Qd5 Qxd5 26. cxd5 Rfd8 27. Nc3 Bg7 28. Rbc1 Rxd6 29. Nb5 Rd7 30. Rfd1 e4 31. Rc7 Rxc7 32. Nxc7 Rd8 33. Nb5 Bb2 34. Kf1 Kg7 35. Ke2 f5 36. Nc7 Kf6 37. Ne6 Rg8 38. Nxf4 Be5 39. g3 Bxf4 40. gxf4 Ke7 41. d6+ Kd7 42. Rd5 Rc8 43. Kd2 Rc6 44. Rxf5 Rxd6+ 45. Ke3 Rd1 46. Ra5 Re1+ 47. Kd2 Rh1 48. Rxa3 Rxh2 49. Ke3 Rh1 50. Kxe4 h5 51. Ra7 Kc6 52. f5 Rg1 53. f6 Rg8 54. Ra5 b5 55. Ra6+ Kc5 56. f7 Rh8 57. Rf6 Rf8 58. Ke5 Kb4 59. Ke6 Ka3 60. Ke7 1-0

[Event "LEM Sachsen-Anhalt Masters 2024"]
[Site "Merseburg"]
[Date "2024.02.10"]
[Round "6.4"]
[White "Haubold, Sebastian"]
[Black "Polzin, Gustav"]
[Result "1-0"]
[ECO "B06"]
[WhiteElo "2055"]
[BlackElo "1895"]
[Annotator "NA RC"]
[PlyCount "93"]
[EventDate "2024.02.01"]
[EventType "swiss"]
[EventCountry "GER"]
[SourceTitle "playchess.com"]
[Source "ChessBase"]
[SourceQuality "1"]
[TimeControl "40/5400+30:1800+30"]

1. e4 g6 2. d4 Bg7 3. Nc3 d6 4. Be3 Nd7 5. Qd2 e5 6. O-O-O a6 7. f4 exf4 8. Bxf4 b5 9. Nf3 Bb7 10. Bd3 Ne7 11. Bh6 O-O 12. h4 Nf6 13. h5 b4 14. Nd5 Nexd5 15. exd5 Bxh6 16. Qxh6 Ng4 17. Qf4 Qd7 18. Rh4 Nf2 19. Qh6 Ng4 20. Rxg4 Qxg4 21. Rh1 Qd7 22. hxg6 fxg6 23. Bxg6 Qg7 24. Bxh7+ Kh8 25. Qe6 Qxh7 26. Rxh7+ Kxh7 27. Qd7+ Kg6 28. Qxc7 Rab8 29. Qxd6+ Kh5 30. Qe5+ Kh6 31. Qg5+ Kh7 32. Ne5 Bxd5 33. Nd7 Rf1+ 34. Kd2 Rg8 35. Nf6+ Rxf6 36. Qxf6 Rxg2+ 37. Ke1 Bxa2 38. Qxa6 b3 39. Qb7+ Rg7 40. Qh1+ Kg6 41. c4 Kf6 42. c5 Rg3 43. Qh4+ Rg5 44. c6 Bb1 45. d5 Bf5 46. d6 Kg6 47. Qxg5+ 1-0

[Event "LEM Sachsen-Anhalt Masters 2024"]
[Site "Merseburg"]
[Date "2024.02.10"]
[Round "6.5"]
[White "Daub, Sebastian"]
[Black "Noennig, Jakob"]
[Result "1/2-1/2"]
[ECO "D05"]
[WhiteElo "1967"]
[BlackElo "1789"]
[Annotator "NA RC"]
[PlyCount "130"]
[EventDate "2024.02.01"]
[EventType "swiss"]
[EventCountry "GER"]
[SourceTitle "playchess.com"]
[Source "ChessBase"]
[SourceQuality "1"]
[TimeControl "40/5400+30:1800+30"]

1. Nf3 d5 2. d4 Nf6 3. c3 e6 4. e3 Bd6 5. Bd3 O-O 6. O-O c5 7. Nbd2 Nc6 8. dxc5 Bxc5 9. b4 Bd6 10. b5 Ne7 11. c4 e5 12. cxd5 Nexd5 13. Bb2 Re8 14. e4 Nf4 15. Bc4 Bg4 16. Qb3 Qe7 17. Rfe1 Rac8 18. Ng5 Rf8 19. f3 Bd7 20. g3 Bc5+ 21. Kh1 Nh3 22. Nxf7 Nf2+ 23. Kg1 N2xe4+ 24. Kg2 Nxd2 25. Nxe5+ Kh8 26. Qd3 Nxc4 27. Ng6+ hxg6 28. Rxe7 Bxe7 29. Bxf6 Bxf6 30. Qxd7 Ne3+ 31. Kf2 Nf5 32. Re1 Rfd8 33. Qxb7 Rd2+ 34. Re2 Rcc2 35. Rxd2 Rxd2+ 36. Ke1 Rxa2 37. Qa8+ Kh7 38. b6 Ne3 39. Qc8 Ng2+ 40. Kd1 Ne3+ 41. Kc1 Ra1+ 42. Kd2 Nf1+ 43. Kd3 axb6 44. Qh3+ Kg8 45. Qe6+ Kh7 46. Qh3+ Kg8 47. Qe6+ Kf8 48. Qd6+ Be7 49. Qxb6 Ra3+ 50. Ke2 Nxh2 51. Qb8+ Kf7 52. Qf4+ Kg8 53. Qc4+ Kh7 54. Qe6 Bf6 55. Qh3+ Kg8 56. Qe6+ Kf8 57. Qc8+ Kf7 58. Qc4+ Ke8 59. Qc8+ Bd8 60. Qc6+ Kf8 61. Qc5+ Be7 62. Qc8+ Kf7 63. Qc4+ Kf6 64. Qd4+ Kf7 65. Qc4+ Kf6 1/2-1/2

[Event "LEM Sachsen-Anhalt Masters 2024"]
[Site "Merseburg"]
[Date "2024.02.10"]
[Round "6.6"]
[White "Wenzel, Thomas"]
[Black "Schulz, Maximilian"]
[Result "1/2-1/2"]
[ECO "B07"]
[WhiteElo "1747"]
[BlackElo "1896"]
[Annotator "NA RC"]
[PlyCount "35"]
[EventDate "2024.02.01"]
[EventType "swiss"]
[EventCountry "GER"]
[SourceTitle "playchess.com"]
[Source "ChessBase"]
[SourceQuality "1"]
[TimeControl "40/5400+30:1800+30"]

1. e4 g6 2. d4 Bg7 3. Nc3 d6 4. Be3 Nd7 5. Qd2 c6 6. Nf3 b5 7. Bd3 Bb7 8. O-O Ngf6 9. Bh6 O-O 10. Bxg7 Kxg7 11. e5 dxe5 12. Nxe5 Qb6 13. Qe3 Rad8 14. a3 Bc8 15. h3 Ng8 16. Rfe1 Ndf6 17. Nf3 Rfe8 18. Ne2 1/2-1/2

[Event "LEM Sachsen-Anhalt Masters 2024"]
[Site "Merseburg"]
[Date "2024.02.10"]
[Round "6.7"]
[White "Reipsch, Jens"]
[Black "Schellmann, Frank"]
[Result "1/2-1/2"]
[ECO "C56"]
[WhiteElo "2225"]
[BlackElo "1923"]
[Annotator "NA RC"]
[PlyCount "59"]
[EventDate "2024.02.01"]
[EventType "swiss"]
[EventCountry "GER"]
[SourceTitle "playchess.com"]
[Source "ChessBase"]
[SourceQuality "1"]
[TimeControl "40/5400+30:1800+30"]

1. e4 e5 2. Nf3 Nc6 3. Bc4 Nf6 4. d4 exd4 5. O-O Nxe4 6. Re1 d5 7. Bxd5 Qxd5 8. Nc3 Qh5 9. Nxe4 Be6 10. Bg5 Bd6 11. Bf6 Bxh2+ 12. Nxh2 Qxd1 13. Raxd1 gxf6 14. Nxf6+ Kf8 15. Nf3 h5 16. Nxd4 Nxd4 17. Rxd4 Kg7 18. Nd5 Rad8 19. Red1 Rxd5 20. Rxd5 Bxd5 21. Rxd5 Rh6 22. Kh2 Rf6 23. f3 Kg6 24. Kg3 Rf5 25. Rd7 Rc5 26. c3 a5 27. Rd4 Re5 28. Kf2 Kf6 29. a4 Ke6 30. g3 1/2-1/2

[Event "LEM Sachsen-Anhalt Masters 2024"]
[Site "Merseburg"]
[Date "2024.02.11"]
[Round "7.1"]
[White "Ahmed, Daniel"]
[Black "Haubold, Sebastian"]
[Result "1-0"]
[ECO "E94"]
[WhiteElo "1994"]
[BlackElo "2055"]
[Annotator "NA RC"]
[PlyCount "95"]
[EventDate "2024.02.01"]
[EventType "swiss"]
[EventCountry "GER"]
[SourceTitle "playchess.com"]
[Source "ChessBase"]
[SourceQuality "1"]
[TimeControl "40/5400+30:1800+30"]

1. d4 Nf6 2. c4 g6 3. Nc3 Bg7 4. e4 d6 5. Be2 O-O 6. Nf3 e5 7. O-O Nbd7 8. d5 Qe7 9. Ne1 c5 10. Be3 Ne8 11. a3 f5 12. f3 f4 13. Bf2 h5 14. b4 b6 15. Nd3 g5 16. a4 a5 17. bxa5 bxa5 18. Nb5 Nb8 19. Nc1 Na6 20. Nb3 Nb4 21. Qd2 Bd7 22. Rfd1 g4 23. Nxd6 Nxd6 24. Nxc5 gxf3 25. gxf3 Bh3 26. Kh1 Rac8 27. Rac1 Qe8 28. Rg1 Kh7 29. Qd1 Bf6 30. Nd3 Nxd3 31. Bxd3 Rg8 32. c5 Rxg1+ 33. Bxg1 Qg6 34. Bf1 Bxf1 35. Qxf1 Nxe4 36. fxe4 Qxe4+ 37. Qg2 Qf5 38. d6 Rg8 39. Qc2 e4 40. Re1 Re8 41. c6 Qh3 42. d7 Qf3+ 43. Qg2 Qxg2+ 44. Kxg2 Rg8+ 45. Kf1 Bd8 46. Rxe4 Bc7 47. Bd4 Rg5 48. Be5 1-0

[Event "LEM Sachsen-Anhalt Masters 2024"]
[Site "Merseburg"]
[Date "2024.02.11"]
[Round "7.2"]
[White "Herter, Arne"]
[Black "Groebel, Aaron"]
[Result "0-1"]
[ECO "D05"]
[WhiteElo "2028"]
[BlackElo "2087"]
[Annotator "NA COMBH"]
[PlyCount "76"]
[EventDate "2024.02.01"]
[EventType "swiss"]
[EventCountry "GER"]
[SourceTitle "playchess.com"]
[Source "ChessBase"]
[SourceQuality "1"]
[TimeControl "40/5400+30:1800+30"]

1. e4 c6 2. d4 d5 3. Nc3 dxe4 4. Nxe4 Nd7 5. Ng5 Ngf6 6. Bd3 e6 7. N1f3 Bd6 8. O-O h6 9. Ne4 Nxe4 10. Bxe4 Nf6 11. Bd3 O-O 12. c3 c5 13. Qe2 b6 14. dxc5 Bxc5 15. Bf4 Bd6 16. Ne5 Bb7 17. Rad1 Qc7 18. Bc2 Rad8 19. Rfe1 Bd5 20. Bg3 Qb7 21. Bh4 g5 22. Qe3 Bxg2 23. Bxg5 Bxe5 24. Rxd8 Bxh2+ 25. Kxh2 Ng4+ 26. Kg1 Nxe3 27. Rxf8+ Kxf8 28. Bxh6+ Ke7 29. Rxe3 Bd5 30. Bg5+ f6 31. Bh4 Qc8 32. b3 Qh8 33. Rh3 Qh6 34. Bd3 Qc1+ 35. Bf1 e5 36. c4 Bc6 37. Re3 Ke6 38. Re2 Qh6 0-1

[Event "LEM Sachsen-Anhalt Masters 2024"]
[Site "Merseburg"]
[Date "2024.02.11"]
[Round "7.3"]
[White "Noennig, Jakob"]
[Black "Malek, Daniel"]
[Result "1/2-1/2"]
[ECO "C03"]
[WhiteElo "1789"]
[BlackElo "2307"]
[Annotator "RC"]
[PlyCount "161"]
[EventDate "2024.02.01"]
[EventType "swiss"]
[EventCountry "GER"]
[SourceTitle "playchess.com"]
[Source "ChessBase"]
[SourceQuality "1"]
[TimeControl "40/5400+30:1800+30"]

1. e4 e6 2. d4 d5 3. Nd2 Be7 4. e5 c5 5. c3 cxd4 6. cxd4 Qb6 7. Ndf3 Bb4+ 8. Bd2 Nc6 9. Bc3 Bd7 10. Be2 f6 11. Nh3 fxe5 12. dxe5 Bxc3+ 13. bxc3 Qc7 14. O-O Nxe5 15. Nxe5 Qxe5 16. Re1 Qf6 17. Bg4 Ne7 18. Qe2 Nf5 19. Nf4 O-O 20. Qe5 Rae8 21. Rad1 g6 22. g3 Kg7 23. Nd3 Qxe5 24. Nxe5 Bc8 25. f4 Kf6 26. Bxf5 Kxf5 27. h4 Kf6 28. Rd4 Re7 29. Kf2 Rc7 30. Re3 Ke7 31. Ke2 Bd7 32. Kd2 Rfc8 33. Rb4 Be8 34. Nf3 Kd6 35. Nd4 Bd7 36. a3 b6 37. Kc2 Rc5 38. Kb2 h6 39. Nf3 Rf8 40. Ne5 Be8 41. Nf3 Bb5 42. Nd4 Bd7 43. Nf3 Rb8 44. Rd4 a5 45. Ne5 Be8 46. Nf3 Bb5 47. Ne5 Be8 48. Nf3 Rb7 49. Re5 Bb5 50. Re3 Bc4 51. Rd2 Rc8 52. Nd4 Re8 53. Re5 b5 54. Kc1 b4 55. cxb4 axb4 56. axb4 Rxb4 57. Rb2 Rxb2 58. Kxb2 Ba6 59. Kc2 Bc8 60. Re3 Bd7 61. Rb3 e5 62. fxe5+ Rxe5 63. Kd2 Re4 64. Ne2 Bg4 65. Nf4 g5 66. hxg5 hxg5 67. Nd3 d4 68. Rb5 Re2+ 69. Kc1 Re3 70. Rxg5 Rxg3 71. Nf2 Rc3+ 72. Kd2 Bf3 73. Nd3 Be4 74. Ne1 Ra3 75. Rb5 Ra2+ 76. Kd1 Bd5 77. Nc2 d3 78. Rxd5+ Kxd5 79. Nb4+ Ke6 80. Nxa2 d2 81. Kxd2 1/2-1/2

[Event "LEM Sachsen-Anhalt Masters 2024"]
[Site "Merseburg"]
[Date "2024.02.11"]
[Round "7.4"]
[White "Haubold, Christian"]
[Black "Reipsch, Jens"]
[Result "1-0"]
[ECO "C70"]
[WhiteElo "1990"]
[BlackElo "2225"]
[Annotator "TA"]
[PlyCount "29"]
[EventDate "2024.02.01"]
[EventType "swiss"]
[EventCountry "GER"]
[SourceTitle "playchess.com"]
[Source "ChessBase"]
[SourceQuality "1"]
[TimeControl "40/5400+30:1800+30"]

1. e4 e5 2. Nf3 Nc6 3. Bb5 a6 4. Ba4 Nge7 5. c3 g6 6. d4 exd4 7. cxd4 {[%emt 0:00:10] Black must now prevent d5.} Bg7 8. d5 {[%emt 0:02:54] White is slightly better.} Nb8 (8... Na5 $11 {remains equal.}) 9. O-O O-O 10. d6 cxd6 11. Qxd6 Nbc6 12. Nc3 h6 (12... b5 $16 {was called for.}) 13. Be3 $18 b5 14. Bb3 {[%emt 0:01:17] White is much more active.} Na5 $2 {[%emt 0:02:05] [#]} (14... a5) 15. Bb6 {[%emt 0:00:49] Black got outplayed after the opening.   Weighted Error Value: White=0.03 (flawless) /Black=0.74.  Mistake:       	---       	Black=3      Inaccurate:     	---       	Black=1      OK:         	White=5     	Black=4      Best:        	White=1     	---} 1-0

[Event "LEM Sachsen-Anhalt Masters 2024"]
[Site "Merseburg"]
[Date "2024.02.11"]
[Round "7.5"]
[White "Polzin, Gustav"]
[Black "Daub, Sebastian"]
[Result "1/2-1/2"]
[ECO "B24"]
[WhiteElo "1895"]
[BlackElo "1967"]
[Annotator "NA RC"]
[PlyCount "133"]
[EventDate "2024.02.01"]
[EventType "swiss"]
[EventCountry "GER"]
[SourceTitle "playchess.com"]
[Source "ChessBase"]
[SourceQuality "1"]
[TimeControl "40/5400+30:1800+30"]

1. e4 c5 2. Nc3 g6 3. Nge2 Bg7 4. d3 Nc6 5. g3 e6 6. Bg2 Nge7 7. Be3 b6 8. Qd2 Nd4 9. O-O Bb7 10. Bxd4 cxd4 11. Nb5 d5 12. f4 dxe4 13. dxe4 e5 14. Qb4 O-O 15. Nd6 Bc6 16. Nc1 a5 17. Qa3 b5 18. Qc5 exf4 19. gxf4 Rb8 20. Nd3 Qb6 21. Qxb6 Rxb6 22. Rad1 Nf5 23. Nxf5 gxf5 24. e5 Bxg2 25. Kxg2 f6 26. Rfe1 fxe5 27. Nxe5 Rc8 28. Re2 Bxe5 29. fxe5 Rbc6 30. Rdd2 Kf7 31. Kf3 Ke6 32. h4 Rc5 33. Rxd4 Rxe5 34. Red2 Rec5 35. c3 R8c7 36. Kf4 Rc4 37. Re2+ Kf6 38. Re5 R7c5 39. Rxc5 Rxc5 40. Rd6+ Kg7 41. Rb6 a4 42. a3 Rc4+ 43. Kxf5 Rxh4 44. Kg5 Rh2 45. Rxb5 Kf7 46. Rb6 Ke7 47. Kg4 Kf7 48. Kg3 Rh5 49. Rb4 Ra5 50. Kg4 Kf6 51. Kh4 Kg6 52. c4 Rh5+ 53. Kg3 Rg5+ 54. Kf3 Rf5+ 55. Ke4 h5 56. Rb6+ Rf6 57. c5 h4 58. c6 h3 59. c7 h2 60. Rxf6+ Kxf6 61. c8=Q h1=Q+ 62. Kf4 Qf1+ 63. Kg3 Qg1+ 64. Kh3 Qh1+ 65. Kg4 Qg2+ 66. Kh4 Qh2+ 67. Kg4 1/2-1/2

[Event "LEM Sachsen-Anhalt Masters 2024"]
[Site "Merseburg"]
[Date "2024.02.11"]
[Round "7.6"]
[White "Lippert, Daniel"]
[Black "Schulz, Maximilian"]
[Result "1-0"]
[ECO "B05"]
[WhiteElo "2034"]
[BlackElo "1896"]
[Annotator "NA RC"]
[PlyCount "55"]
[EventDate "2024.02.01"]
[EventType "swiss"]
[EventCountry "GER"]
[SourceTitle "playchess.com"]
[Source "ChessBase"]
[SourceQuality "1"]
[TimeControl "40/5400+30:1800+30"]

1. e4 Nf6 2. e5 Nd5 3. d4 d6 4. Nf3 Bg4 5. Bc4 e6 6. h3 Bh5 7. g4 Bg6 8. Bxd5 exd5 9. Qe2 Be7 10. Nc3 c6 11. Bf4 dxe5 12. Nxe5 f6 13. Nxg6 hxg6 14. O-O-O Kf7 15. h4 Qd7 16. Qf3 Na6 17. Ne2 Nc7 18. h5 Nb5 19. Qd3 g5 20. Qg6+ Kf8 21. h6 gxh6 22. Bxg5 fxg5 23. Rd3 Qxg4 24. Rhh3 Nxd4 25. Nxd4 Bd6 26. Qxd6+ Kg7 27. Ne6+ Kg8 28. Rdf3 1-0

[Event "LEM Sachsen-Anhalt Masters 2024"]
[Site "Merseburg"]
[Date "2024.02.11"]
[Round "7.7"]
[White "Schellmann, Frank"]
[Black "Wenzel, Thomas"]
[Result "1-0"]
[ECO "C54"]
[WhiteElo "1923"]
[BlackElo "1747"]
[Annotator "NA RC"]
[PlyCount "39"]
[EventDate "2024.02.01"]
[EventType "swiss"]
[EventCountry "GER"]
[SourceTitle "playchess.com"]
[Source "ChessBase"]
[SourceQuality "1"]
[TimeControl "40/5400+30:1800+30"]

1. e4 e5 2. Nf3 Nc6 3. Bc4 Nf6 4. d3 Bc5 5. O-O d6 6. c3 Bg4 7. h3 Bh5 8. Nbd2 Qd7 9. b4 Bb6 10. a4 a6 11. a5 Ba7 12. b5 axb5 13. Bxb5 g5 14. a6 bxa6 15. Rxa6 Bxf2+ 16. Rxf2 Rxa6 17. Bxa6 Nb8 18. Bc4 g4 19. Qb3 Rg8 20. hxg4 1-0